 Dungeon Crawl Stone Soup version 0.28.0-53-g5a82cb258f (webtiles) character file.

Game seed: 3547505322574456928

6 Descartes the Conjurer (level 1, -3/9 HPs)
             Began as a Felid Wanderer on July 10, 2022.
             Slain by a kobold
             ... wielding a +0 club
              (4 damage)
             ... on level 1 of the Dungeon.
             The game lasted 00:00:53 (413 turns).

Descartes the Conjurer (Felid Wanderer)              Turns: 413, Time: 00:00:54

Health: -3/9       AC:  1    Str:  7    XL:     1   Next: 75%
Magic:  4/4        EV: 16    Int: 14    God:
Gold:   13         SH:  0    Dex: 15    Spells: 3/4 levels left
                                        Lives:  0   Deaths: 0

rFire   . . .      SeeInvis +   (weapon unavailable)
rCold   . . .      Faith    .   (shield unavailable)
rNeg    . . .      Spirit   .   (armour unavailable)
rPois   .          Reflect  .   (helmet unavailable)
rElec   .          Harm     .   (cloak unavailable)
rCorr   .          Rampage  .   (gloves unavailable)
Will    .....                   (boots unavailable)
Stlth   ++........              (no amulet)
HPRegen 0.03/turn               (no ring)
MPRegen 0.09/turn               (no ring)

@: quick
A: very small, claws 1, fangs 3, see invisible, speed 1, shaggy fur 1, stealthy
paws, no weapons or thrown items, no armour, multi-lived
a: no special abilities


You were on level 1 of the Dungeon.
You visited 1 branch of the dungeon, and saw 1 of its levels.

You collected 13 gold pieces.

Inventory:

Potions
 a - a potion of lignification
 b - a potion of curing


   Skills:
 - Level 2.0 Fighting
 + Level 1.6 Dodging
 * Level 1.9 Stealth
 + Level 0.2 Unarmed Combat
 - Level 2.0 Spellcasting
 + Level 2.7 Conjurations
 + Level 0.4 Hexes
 - Level 1.0 Invocations


You had 3 spell levels left.
You knew the following spells:

 Your Spells              Type           Power      Damage    Failure   Level
a - Foxfire               Conj/Fire      20%        2x1d5     14%         1

Your spell library contained the following spells:

 Spells                   Type           Power      Damage    Failure   Level
 Dazzling Flash           Conj/Hex       10%        N/A       36%         3
 Sticky Flame             Conj/Fire      5%         2d3       80%         4


Dungeon Overview and Level Annotations

Branches:
Dungeon (1/15)

Altars:


Innate Abilities, Weirdness & Mutations

You have sharp claws.
You have razor-sharp teeth.
You have supernaturally acute eyesight. (SInv)
You cover ground quickly. (Speed+)
You are covered in fur. (AC +1)
Your paws help you pounce on unaware monsters.
You are incapable of wielding weapons or throwing items.
You cannot wear armour.
You gain extra lives every three experience levels.


Message History

You are too injured to fight recklessly!
You are too injured to fight recklessly!
You are too injured to fight recklessly!
You are too injured to fight recklessly!
A hobgoblin is nearby!
You scratch the hobgoblin but do no damage.
The hobgoblin misses you.
You scratch the hobgoblin but do no damage.
You bite the hobgoblin.
You kill the hobgoblin!
A rat comes into view.
You see here 13 gold pieces.
Found a stone staircase leading down.
The helpless rat fails to defend itself.
You scratch the rat.
You kill the rat!
No target in view!
No target in view!
No target in view!
No target in view!
No target in view!
No target in view!
No target in view!
No target in view!
You now have 13 gold pieces.
A gnoll comes into view. It is wielding a +0 spear.
A kobold comes into view. It is wielding a +0 club.
The kobold shouts!
Found a whip.
The kobold closely misses you.
The gnoll shouts!
You barely miss the gnoll. The gnoll closely misses you.
A giant cockroach comes into view.
The kobold misses you.
You scratch the gnoll but do no damage. The gnoll hits you with a +0 spear.
The kobold completely misses you.
You barely miss the gnoll. The gnoll hits you with a +0 spear.
Ouch! That really hurt!
* * * LOW HITPOINT WARNING * * *
The kobold hits you with a +0 club.
You die...

>.. #.# .#. .# # #.#
.. .#### . ... ..#....
# #.# ..B.. # #.#
)...# ###†# ### #...#
.##.## ... #gK.#
.....# #.###@#.#.#
.#...# #.........#
##.#.#########.#.###.#
##.#.............#
##.###########.#.#
##.# #.#... ##.#
..##### ##.# ###
##.#####.#


You could see a gnoll, a giant cockroach and a kobold.

Vanquished Creatures
  An endoplasm (D:1)
  A giant cockroach (D:1)
  A hobgoblin (D:1)
  A kobold (D:1)
  2 rats (D:1)
6 creatures vanquished.

Notes
Turn   | Place    | Note
-------+----------+-------------------------------------------
     0 | D:1      | Descartes the Felid Wanderer began the quest for the Orb.
     0 | D:1      | Descartes set off with the following items: a potion of
                  | lignification, a potion of curing; and the following spell
                  | memorised: Foxfire; and the following spells available to
                  | memorise: Dazzling Flash, Sticky Flame
     0 | D:1      | Reached XP level 1. HP: 9/9 MP: 4/4
   413 | D:1      | Slain by a kobold

Illustrated notes

Levels and vault maps discovered:
D:1:      dpeg_arrival_round_c, layout_loops_ring,
          shapermc_ecumenical_altar_mp_urbaneastern

Action                   || total
-------------------------++-------
Melee: Unarmed           ||    27
       Bite              ||     3
 Stab: Sleeping          ||     2
Armor: Skin              ||     1
Dodge: Dodged            ||    21
